 Dungeon Crawl Stone Soup version 0.31-a0-1-g4198be8af4 (webtiles) character file.

Game seed: 6867065810978158892

305 Demosthentine the Poker (level 6, 47/47 HPs)
             Began as a Demonspawn Gladiator on Apr 29, 2023.
             Got out of the dungeon alive.
             The game lasted 00:03:28 (1618 turns).

Demosthentine the Poker (Demonspawn Gladiator)      Turns: 1618, Time: 00:03:28

Health: 47/47      AC:  7    Str: 16    XL:     6   Next: 16%
Magic:  6/6        EV: 13    Int: 11    God:
Gold:   132        SH:  0    Dex: 15    Spells: 5/5 levels left

rFire   . . .        a - +0 trident
rCold   . . .        (no shield)
rNeg    . . .        b - +0 leather armour
rPois   .            c - +0 helmet
rElec   .            g - +2 cloak
rCorr   +            (no gloves)
SInv    .            (no boots)
Will    .....        (no amulet)
Stlth   +            l - ring of resist corrosion
HPRegen 0.27/turn    (no ring)
MPRegen 0.10/turn

%: no passive effects
@: no status effects
A: claws 1, ignite blood 1, big brain 1, demonic magic 1
a: no special abilities


You escaped.
You visited 1 branch of the dungeon, and saw 3 of its levels.

You collected 132 gold pieces.

Inventory:

Hand Weapons
 a - a +0 trident (weapon)
Missiles
 d - 3 throwing nets (quivered)
 e - a javelin
Armour
 b - a +0 leather armour (worn)
 c - a +0 helmet (worn)
 g - a +2 cloak (worn)
Jewellery
 h - a ring of positive energy
 l - a ring of resist corrosion (left claw)
Wands
 f - a wand of polymorph (3)
Scrolls
 n - 2 scrolls of teleportation
 p - a scroll of magic mapping
Potions
 i - a potion of curing
 j - 2 potions of flight
 k - a potion of brilliance {unknown}
 m - a potion of heal wounds
 q - 2 potions of attraction


   Skills:
 + Level 3.6 Fighting
 + Level 3.9 Polearms
 - Level 1.7 Throwing
 + Level 2.5 Armour
 + Level 3.9 Dodging


You had 5 spell levels left.
You didn't know any spells.
Your spell library contained the following spells:

 Spells                   Type           Power      Damage    Failure   Level
 Ensorcelled Hibernation  Hex/Ice        0%         N/A       54%         2
 Passwall                 Tmut/Erth      0%         N/A       54%         2
 Swiftness                Air            0%         N/A       77%         3


Dungeon Overview and Level Annotations

Branches:
Dungeon (3/15)

Altars:

Shops:
D:2 :

Annotations:
D:3 2 transporters, MrSquiggles's ghost, amateur DrGl


Innate Abilities, Weirdness & Mutations

You have sharp fingernails.
Your demonic aura sometimes causes spilled blood to erupt in flames.
You have an unusually large brain. (Int +2)
Spells you cast may paralyse adjacent enemies.


Message History

Grinder is moderately wounded.
Grinder zaps a wand.
You turn into a sentient fungus.
Your +0 trident melds into your body.
Your +2 cloak melds into your body.
Your +0 helmet melds into your body.
Your +0 leather armour melds into your body.
You release spores at Grinder.
Grinder appears confused.
Grinder is moderately wounded.
You completely miss Grinder.
Grinder is moderately wounded.
Grinder is attracted toward you.
You release spores at Grinder!
Grinder is severely wounded.
You release spores at Grinder!
You kill Grinder!
Your Fighting skill increases to level 3!
Your Armour skill increases to level 2!
You have reached level 5!
You have reached level 6!
Your demonic ancestry asserts itself...
Your fingernails lengthen.
f - a wand of polymorph (3)
There is a stone staircase leading down, spattered with blood here.
(D) Dungeon
Where to? (Enter - D:3, ? - help)
What level of the Dungeon? (default 1, ? - help)
Your transformation is almost over.
You feel less attractive to monsters.
You stop sporulating.
Your +0 trident unmelds from your body.
Your +2 cloak unmelds from your body.
Your +0 helmet unmelds from your body.
Your +0 leather armour unmelds from your body.
There is a stone staircase leading up here.
You climb upwards.
There is a stone staircase leading down here.
You see here 9 stones.
There is a staircase leading out of the dungeon here.
Are you sure you want to leave the Dungeon?
This will make you lose the game! [Y]es or [N]o only, please.
Are you sure you want to leave the Dungeon?
This will make you lose the game!
You have escaped!

...#####
.......####
..........#####
.........#....###
.#..............##
#####............##
# #####.........#
####....### #####@#
###


There were no monsters in sight!

Vanquished Creatures
  Grinder (D:2)
  An orc priest (D:3)
  An adder (D:2)
  3 gnolls (D:3)
  A dart slug (D:1)
  2 orcs (D:2)
  8 ball pythons
  2 endoplasms (D:1)
  3 giant cockroaches
  7 hobgoblins
  3 jackals (D:1)
  3 bats
  A frilled lizard (D:1)
  5 rats
41 creatures vanquished.

Notes
Turn   | Place    | Note
-------+----------+-------------------------------------------
     0 | D:1      | Demosthentine the Demonspawn Gladiator began the quest for
                  | the Orb.
     0 | D:1      | Reached XP level 1. HP: 16/16 MP: 1/1
    51 | D:1      | Gained mutation: Your demonic aura sometimes causes spilled
                  | blood to erupt in flames. [demonic ancestry]
    51 | D:1      | Reached XP level 2. HP: 21/22 MP: 2/2
   189 | D:1      | Found a faded altar of an unknown god.
   649 | D:2      | Reached skill level 1 in Armour
   716 | D:2      | Gained mutation: Spells you cast may paralyse adjacent
                  | enemies. [demonic ancestry]
   716 | D:2      | Reached XP level 3. HP: 19/28 MP: 3/3
   962 | D:2      | Found Ostraarphi's Book Shop.
  1091 | D:3      | Found a transporter.
  1094 | D:3      | Noticed MrSquiggles's ghost (amateur DrGl)
  1101 | D:3      | Found a transporter.
  1277 | D:3      | Gained mutation: You have an unusually large brain. (Int
                  | +2) [demonic ancestry]
  1277 | D:3      | Reached XP level 4. HP: 21/34 MP: 4/4
  1340 | D:3      | Noticed Grinder
  1449 | D:2      | Upgraded the game from 0.30-a0-1163-gf69bf04e7a to
                  | 0.31-a0-1-g4198be8af4
  1505 | D:2      | Killed Grinder
  1506 | D:2      | Reached XP level 5. HP: 41/41 MP: 5/5
  1506 | D:2      | Gained mutation: You have sharp fingernails. [demonic
                  | ancestry]
  1506 | D:2      | Reached XP level 6. HP: 47/47 MP: 6/6
  1618 | D:$      | Got out of the dungeon alive.

Illustrated notes

Levels and vault maps discovered:
D:1:      eino_arrival_cavern_e, layout_rooms, nicolae_ecumenical_snake_handling
D:2:      layout_rooms, serial_shops, shop
D:3:      layout_basic, marbit_many_paths, gammafunk_ghost_mausoleum,
          wander_ebering_terrifying_dragon_lair, uniq_terence, uniq_grinder,
          uniq_robin

Skill      XL: |  1  2  3  4 |
---------------+-------------+-----
Polearms       | 3 |  3.9
Dodging        | 3 |  3.9
Armour         | 1 2 |  2.5
Fighting       | 3 |  3.6
Throwing       | |  1.7

Action                     |  1- 3 |  4- 6 || total
---------------------------+-------+-------++-------
  Melee: Trident           |   140 |    23 ||   163
         Unarmed           |       |     4 ||     4
    Use: Scroll            |     6 |       ||     6
         Potion            |       |     4 ||     4
   Stab: Sleeping          |     1 |       ||     1
 Armour: Leather armour    |    48 |    19 ||    67
  Dodge: Dodged            |   116 |    21 ||   137

Table legend: (Time is in decaauts)
 A = Elapsed time spent in this place.
 B = Non-inter-level travel time spent in this place.
 C = Inter-level travel time spent in this place.
 D = Time resting spent in this place.
 E = Time spent auto-exploring this place.
 F = Levels seen in this place.
 G = Mean time per level.
                   A        B        C        D        E       F      G
               +--------+--------+--------+--------+--------+-----+--------+
         Total |   1632 |   1586 |     46 |     11 |   1075 |   3 |  544.0 |
       Dungeon |   1632 |   1586 |     46 |     11 |   1075 |   3 |  544.0 |
               +--------+--------+--------+--------+--------+-----+--------+

Top non-repeatable levels by time:
     D:1: 729 daAuts
     D:2: 592 daAuts
     D:3: 309 daAuts
